 Dungeon Crawl Stone Soup version 0.18-a0-1784-ga939a68 (webtiles) character file.

61 M4edhros the Insei (level 4, -2/27 HPs)
             Began as an Octopode Necromancer on Apr 18, 2016.
             Slain by a gnoll
             ... wielding a +1 halberd of chopping
              (12 damage)
             ... on level 3 of the Dungeon.
             The game lasted 00:20:17 (727 turns).

M4edhros the Insei (Octopode Necromancer)            Turns: 727, Time: 00:20:18

Health: -2/27      AC:  1    Str: 10    XL:     4   Next: 7%
Magic:  7/7        EV: 12    Int: 17    God:
Gold:   93         SH:  0    Dex: 13    Spells: 2 memorised, 3 levels left

rFire  . . .     SeeInvis .       - Unarmed
rCold  . . .     Gourm    .     (no shield)
rNeg   . . .     Faith    .     (helmet restricted)
rPois  .         Spirit   .     (no amulet)
rElec  .         Dismiss  .     l - +3 ring of strength
rCorr  .         Reflect  .     (no ring)
SustAt .         Harm     .     (no ring)
MR     .....                    (no ring)
Stlth  +++.......               (no ring)
                                (no ring)
                                (no ring)
                                (no ring)

@: flying, not resistant to hostile enchantments, fairly stealthy
A: almost no armour, amphibious, 8 rings, constrict 8, camouflage 1, gelatinous
body 1
a: no special abilities


You were on level 3 of the Dungeon.
You were not hungry.

You visited 1 branch of the dungeon, and saw 3 of its levels.

You collected 93 gold pieces.

Inventory:

Hand Weapons
 d - a +0 hunting sling
 k - a +1 dagger of venom
Missiles
 g - 12 stones (quivered)
Armour
 h - a +0 shield
Jewellery
 l - a +3 ring of strength (left tentacle)
Scrolls
 c - 2 scrolls of identify {unknown}
 e - a scroll of enchant armour {unknown}
 f - a scroll of recharging {unknown}
 i - a scroll of fog {unknown}
Potions
 j - 2 potions of curing
Books
 a - a book of Necromancy

   Spells                             Type                      Level
   a - Pain                           Necromancy                   1
   b - Animate Skeleton               Necromancy                   1
   c - Vampiric Draining              Necromancy                   3
   d - Regeneration                   Charms/Necromancy            3
   e - Animate Dead                   Necromancy                   4
   f - Control Undead                 Necromancy                   4
Comestibles
 b - 2 bread rations


   Skills:
 - Level 2.0 Dodging
 - Level 2.6 Stealth
 + Level 0.8 Shields
 + Level 7.4 Unarmed Combat
 - Level 2.0 Spellcasting
 - Level 4.0 Necromancy


You had 3 spell levels left.
You knew the following spells:

 Your Spells              Type           Power        Failure   Level  Hunger
a - Pain                  Necr           ###.         3%          1    #......
b - Regeneration          Chrm/Necr      #.........   24%         3    ###....


Dungeon Overview and Level Annotations

Branches:
Dungeon (3/15)

Altars:


Innate Abilities, Weirdness & Mutations

You cannot wear most types of armour.
You are amphibious.
You can wear up to eight rings at the same time.
You can use your tentacles to constrict eight enemies at once.
Your skin changes colour to match your surroundings (Stealth).
Your rubbery body absorbs attacks (AC +1).


Message History

No target in view! 3 gnolls come into view.
A gnoll comes into view. It is wielding a halberd of chopping.
The helpless gnoll fails to defend itself.
You tentacle-slap the gnoll. You grab the gnoll. You squeeze the gnoll!
You kill the gnoll!
The helpless gnoll fails to defend itself.
You bludgeon the gnoll!
You kill the gnoll!
You have reached level 4!
The gnoll shouts! x2
The gnoll hits you with a club!
You tentacle-slap the gnoll. You grab the gnoll.
The gnoll is heavily wounded.
You constrict the gnoll. The gnoll hits you with a club!
You release your grip on the gnoll.
Things that are here:
a flail; a gnoll corpse The gnoll hits you from afar with a halberd of chopping!
You die...

...##...<....###.
...##.....#..##..
#.###<....#..##.#
#.##....#....##.#
#.##.#.......##.#####
#...................#
####.##.....####.#####
#.###..### #.....+ #.#
#..# #@)#.## #......#
#g...# ####...# #g...#
#...# ##..## #...#
#..# .... ##.## #. ##


You could see 2 gnolls.

Vanquished Creatures
  2 gnolls (D:3)
  A worm (D:3)
  A dart slug (D:2)
  2 giant geckos
  An orc (D:3)
  A giant cockroach (D:1)
  A hobgoblin (D:3)
  A quokka (D:2)
  A ball python (D:2)
  5 bats
  2 giant newts
  3 goblins
  2 kobolds (D:2)
  A rat (D:1)
24 creatures vanquished.

Notes
Turn   | Place    | Note
--------------------------------------------------------------
     0 | D:1      | M4edhros the Octopode Necromancer began the quest for the Orb.
     0 | D:1      | Reached XP level 1. HP: 11/11 MP: 3/3
    48 | D:1      | Reached skill level 1 in Unarmed Combat
    68 | D:1      | Reached skill level 7 in Unarmed Combat
    68 | D:1      | Reached XP level 2. HP: 12/17 MP: 3/5
   384 | D:3      | Reached XP level 3. HP: 21/21 MP: 6/6
   394 | D:3      | Learned a level 3 spell: Regeneration
   722 | D:3      | Reached XP level 4. HP: 27/27 MP: 7/7
   727 | D:3      | Slain by a gnoll

Vault maps used:
D:1:      lemuel_arrival_rhombus, minmay_misc_feat_square
D:2:      overflow_temple_1_default, marbit_many_paths, first_bread,
          roderic_roman_lattice, minmay_misc_feat_tower, nrook_mini_backslash
D:3:      ashenzari_conservatory_becter

Skill      XL: |  1 |
---------------+----+-----
Unarmed Combat | 7 |  7.4
Dodging        | |  2.0
Stealth        | |  2.6
Shields        | |  0.8
Spellcasting   | |  2.0
Necromancy     | |  4.0

Action                   |  1- 3 |  4- 6 || total
-------------------------+-------+-------++-------
Melee: Unarmed           |    41 |     1 ||    42
       Constrict         |    10 |     1 ||    11
       Tentacles         |     4 |       ||     4
 Cast: Pain              |     5 |       ||     5
       Regeneration      |     1 |       ||     1
  Use: Potion            |     5 |       ||     5
 Stab: Sleeping          |     8 |       ||     8
Armor: Skin              |    11 |       ||    11
Dodge: Dodged            |    18 |       ||    18
Block: Shield            |     4 |       ||     4
